 Dungeon Crawl Stone Soup version 0.30-a0-347-gf58ed5266c (webtiles) character file.

Game seed: 15825243291629538155

43 Maxmaps the Poker (level 3, 0/27 HPs)
             Began as a Demonspawn Gladiator on Nov 7, 2022.
             Slain by Sigmund
             ... wielding a +0 scythe
              (2 damage)
             ... on level 2 of the Dungeon.
             The game lasted 00:01:50 (1591 turns).

Maxmaps the Poker (Demonspawn Gladiator)            Turns: 1591, Time: 00:01:50

Health: 0/27       AC:  8    Str: 13    XL:     3   Next: 37%
Magic:  0/3        EV: 12    Int: 15    God:
Gold:   66         SH:  0    Dex: 13    Spells: 2/2 levels left

rFire   . . .      SeeInvis .    a - +0 trident
rCold   . . .      Faith    .    (no shield)
rNeg    . . .      Spirit   +    b - +0 leather armour
rPois   .          Reflect  .    c - +0 helmet
rElec   .          Harm     .    n - +0 cloak
rCorr   .          Rampage  .    (no gloves)
Will    .....                    (no boots)
Stlth   +.........               f - amulet of guardian spirit
HPRegen 0.24/turn                (no ring)
MPRegen 0.08/turn                (no ring)

@: invisible
A: icy blue scales 2, clever 1
a: no special abilities


You were on level 2 of the Dungeon.
You visited 1 branch of the dungeon, and saw 2 of its levels.

You collected 66 gold pieces.

Inventory:

Hand Weapons
 a - a +0 trident (weapon)
Missiles
 d - 3 throwing nets (quivered)
 e - a javelin
Armour
 b - a +0 leather armour (worn)
 c - a +0 helmet (worn)
 n - a +0 cloak (worn)
Jewellery
 f - an amulet of guardian spirit (around neck)
Wands
 o - a wand of digging (7)
Scrolls
 g - a scroll of butterflies {unknown}
 h - a scroll of identify {unknown}
 m - a scroll of enchant weapon {unknown}


   Skills:
 - Level 2.0 Fighting
 + Level 4.1 Polearms
 - Level 1.7 Throwing
 - Level 2.6 Dodging


You had 2 spell levels left.
You didn't know any spells.
Your spell library contained the following spells:

 Spells                   Type           Power      Damage    Failure   Level
 Magic Dart               Conj           0%         1d3       34%         1
 Searing Ray              Conj           0%         2d4       45%         2
 Inner Flame              Hex/Fire       0%         N/A       71%         3
 Cause Fear               Hex            0%         N/A       98%         4
 Fulminant Prism          Conj/Hex       0%         3d5       98%         4
 Discord                  Hex            0%         N/A       100%        8


Dungeon Overview and Level Annotations

Branches:
Dungeon (2/15)

Altars:

Annotations:
D:2 Sigmund


Innate Abilities, Weirdness & Mutations

You are mostly covered in icy blue scales. (AC +3)
Your mind is acute. (Int +4, Str/Dex -1)


Message History

Sigmund barely misses you.
It was a potion of curing.
You feel better.
You closely miss Sigmund.
Sigmund is lightly wounded.
Sigmund hits you with a +0 scythe!
You hit Sigmund.
Sigmund is moderately wounded.
Sigmund misses you.
You barely miss Sigmund.
Sigmund is moderately wounded.
Sigmund barely misses you.
The goblin shouts!
You hit Sigmund.
Sigmund is heavily wounded.
You closely miss Sigmund.
Sigmund is heavily wounded.
Sigmund hits you with a +0 scythe!
* * * LOW HITPOINT WARNING * * *
You puncture Sigmund!
Sigmund is severely wounded.
Sigmund casts a spell at you. The magic dart hits you.
* * * LOW HITPOINT WARNING * * *
It was a potion of magic.
Magic courses through your body. Sigmund casts a spell at you.
The puff of flame hits you.
* * * LOW HITPOINT WARNING * * *
It was a potion of mutation.
You feel extremely strange.
You feel clever. Sigmund closely misses you.
It was a potion of invisibility.
You fade into invisibility!
You puncture Sigmund!
Sigmund is almost dead.
Sigmund closely misses you.
A ball python comes into view.
You closely miss Sigmund.
Sigmund is almost dead.
Sigmund hits you with a +0 scythe.
You die...

.#.# #.# #
###.##..### .#.#
#.# .#.......#
.#.####.#
.#.#.###.#
.#....(.# .#.#.#
#.# .######## #.#
#.# #.# #.# #.# #.#
#.# #.# #.#
#.########.# #.#
#.### #S.g@@.....#
#.# #.#..
....#######..#
#.... . #..# #.#..
#..###########
#.............
######.############
#.............
#.####.####### #.#
#.#


You could see Sigmund (unable to see you), a goblin (unable to see you) and a
ball python (wandering, unable to see you).

Vanquished Creatures
  An adder (D:2)
  2 dart slugs (D:1)
  2 ball pythons
  A bat (D:1)
  3 endoplasms
  2 giant cockroaches
  2 goblins (D:1)
  3 hobgoblins
  2 jackals (D:2)
  A quokka (D:1)
  2 kobolds
  7 rats
28 creatures vanquished.

Notes
Turn   | Place    | Note
-------+----------+-------------------------------------------
     0 | D:1      | Maxmaps the Demonspawn Gladiator began the quest for the
                  | Orb.
     0 | D:1      | Reached XP level 1. HP: 16/16 MP: 1/1
    85 | D:1      | Reached skill level 3 in Polearms
   369 | D:1      | Gained mutation: You are partially covered in icy blue
                  | scales. (AC +2) [demonic ancestry]
   369 | D:1      | Reached XP level 2. HP: 22/22 MP: 2/2
  1033 | D:2      | Gained mutation: You are mostly covered in icy blue scales.
                  | (AC +3) [demonic ancestry]
  1033 | D:2      | Reached XP level 3. HP: 27/27 MP: 3/3
  1045 | D:2      | Reached skill level 4 in Polearms
  1569 | D:2      | Noticed Sigmund
  1587 | D:2      | HP: 1/27 [Sigmund/puff of flame (3)]
  1588 | D:2      | Gained mutation: Your mind is acute. (Int +4, Str/Dex -1)
                  | [potion of mutation]
  1591 | D:2      | Slain by Sigmund

Illustrated notes

Levels and vault maps discovered:
D:1:      matt_arrival_grand_opening, layout_basic, serial_glass,
          glass_columns_b, glass_columns_b
D:2:      layout_basic, uniq_sigmund

Skill      XL: |  1  2  3 |
---------------+----------+-----
Polearms       | 3 4 |  4.1
Fighting       | |  2.0
Throwing       | |  1.7
Dodging        | |  2.6

Action                   || total
-------------------------++-------
Melee: Trident           ||    95
  Use: Potion            ||     4
 Stab: Sleeping          ||     2
Armor: Leather armour    ||    21
Dodge: Dodged            ||    44

Table legend: (Time is in decaauts)
 A = Elapsed time spent in this place.
 B = Non-inter-level travel time spent in this place.
 C = Inter-level travel time spent in this place.
 D = Time resting spent in this place.
 E = Time spent auto-exploring this place.
 F = Levels seen in this place.
 G = Mean time per level.
                   A        B        C        D        E       F      G
               +--------+--------+--------+--------+--------+-----+--------+
         Total |   1602 |   1522 |     80 |      0 |   1301 |   2 |  801.0 |
       Dungeon |   1602 |   1522 |     80 |      0 |   1301 |   2 |  801.0 |
               +--------+--------+--------+--------+--------+-----+--------+

Top non-repeatable levels by time:
     D:1: 881 daAuts
     D:2: 720 daAuts
